 Dungeon Crawl Stone Soup version 0.27.1-4-g1640c2035a (webtiles) character file.

Game seed: 11328831954040736320

6682 adizb the Severer (level 10, -4/83 HPs)
             Began as a Minotaur Fighter on Nov 17, 2021.
             Was a Believer of Dithmenos.
             Killed from afar by an electric eel (14 damage)
             ... with a bolt of electricity
             ... on level 9 of the Dungeon.
             The game lasted 00:42:12 (5836 turns).

adizb the Severer (Minotaur Fighter)                Turns: 5836, Time: 00:42:17

Health: -4/83      AC: 18    Str: 24    XL:     10   Next: 73%
Magic:  9/9        EV:  6    Int:  5    God:    Dithmenos [**....]
Gold:   584        SH: 16    Dex: 16    Spells: 9/9 levels left

rFire    + . .     SeeInvis .   a - +1 war axe
rCold    . . .     Faith    .   c - +0 kite shield
rNeg     . . .     Spirit   .   m - +3 chain mail {rF+}
rPois    .         Reflect  +   (helmet restricted)
rElec    .         Harm     .   E - +0 cloak
rCorr    .         Rampage  .   i - +0 pair of gloves
Will     +....                  r - +1 pair of boots
Stlth    ..........             k - amulet of reflection
HPRegen  0.23/turn              t - +6 ring of dexterity
MPRegen  0.11/turn              n - ring of willpower

@: mighty, wreathed by umbra, very slow
A: horns 2, retaliatory headbutt
a: Renounce Religion, Shadow Step


You were on level 9 of the Dungeon.
You worshipped Dithmenos.
Dithmenos was pleased with you.
You visited 2 branches of the dungeon, and saw 10 of its levels.

You collected 584 gold pieces.

Inventory:

Hand Weapons
 a - a +1 war axe (weapon)
 z - a +1 hand axe of freezing
Missiles
 f - 8 boomerangs (quivered)
 y - a throwing net
Armour
 c - a +0 kite shield (worn)
 d - a +2 scale mail of poison resistance
 i - a +0 pair of gloves (worn)
 m - a +3 chain mail of fire resistance (worn)
 r - a +1 pair of boots (worn)
 D - the +0 ring mail "Zekogg" {rElec Int+5 Dex-2}
   (You found it on level 7 of the Dungeon)

   Int:       It affects your intelligence (+5).
   Dex:       It affects your dexterity (-2).
   rElec:     It insulates you from electricity.
 E - a +0 cloak (worn)
Jewellery
 k - an amulet of reflection (around neck)
 n - a ring of willpower (right hand)
 t - a +6 ring of dexterity (left hand)
 B - a ring of magical power
 F - a ring of flight
 J - a +6 ring of intelligence
Wands
 p - a wand of flame (61)
 w - a wand of charming (7)
 G - a wand of iceblast (8)
 H - a wand of digging (6)
Scrolls
 h - a scroll of enchant weapon
 j - 2 scrolls of summoning {unknown}
 l - 4 scrolls of fog
 o - a scroll of magic mapping
 s - 2 scrolls of holy word
 u - 2 scrolls of amnesia
 v - 2 scrolls of brand weapon
 A - a scroll of torment {unknown}
 K - a scroll of acquirement {unknown}
 L - a scroll of vulnerability {unknown}
 M - 2 scrolls of enchant armour {unknown}
Potions
 b - a potion of invisibility {unknown}
 e - a potion of curing
 g - 2 potions of attraction
 q - a potion of brilliance
 x - a potion of flight {unknown}
 C - a potion of resistance {unknown}


   Skills:
 + Level 5.9 Fighting
 + Level 16.3 Axes
 * Level 6.3 Armour
 * Level 7.1 Shields


You had 9 spell levels left.
You didn't know any spells.
Your spell library contained the following spells:

 Spells                   Type           Power      Damage    Failure   Level
 Static Discharge         Conj/Air       0%         N/A       100%        2
 Cause Fear               Hex            0%         N/A       100%        4
 Freezing Cloud           Conj/Ice/Air   0%         6-21      100%        5
 Lightning Bolt           Conj/Air       0%         1d11      100%        5
 Simulacrum               Ice/Necr       0%         N/A       100%        6
 Dragon Form              Tmut           0%         N/A       100%        7
 Maxwell's Capacitive Co  Air            0%         ∞         100%        8
 Dragon's Call            Summ           0%         N/A       100%        9
 Polar Vortex             Ice            0%         N/A       100%        9


Dungeon Overview and Level Annotations

Branches:
Dungeon (9/15)             Temple (1/1) D:5
   Lair: D:8-11         Orc: D:9-12

Altars:
Ashenzari
Cheibriados
Dithmenos
Elyvilon
Fedhas
Gozag
Hepliaklqana
Kikubaaqudgha
Makhleb
Nemelex Xobeh
Okawaru
Qazlal
Ru
Sif Muna
Trog
Uskayaw
Vehumet
Wu Jian
Xom
Yredelemnul
Zin
The Shining One

Shops:
D:2 =


Innate Abilities, Weirdness & Mutations

You have a pair of horns on your head.
You reflexively headbutt those who attack you in melee.


Message History

You block the two-headed ogre's attack. x2
You slice the two-headed ogre!! You headbutt the two-headed ogre.
You kill the two-headed ogre!
Dithmenos accepts your kill.
Your Armour skill increases to level 6!
Your Shields skill increases to level 7!
Things that are here:
a +0 giant club; a +0 giant club
Things that are here:
a +0 giant club; a +0 giant club The electric eel shoots out a bolt of lightning at you!
The bolt of electricity misses you.
Things that are here:
a +0 shortbow; 12 arrows; a centaur corpse You slice the electric eel!!
You kill the electric eel!
Dithmenos accepts your kill.
You hear a splash.
An electric eel comes into view.
The electric eel shoots out a bolt of lightning at you!
The bolt of electricity hits you.
* * * LOW HITPOINT WARNING * * *
Found 14 gold pieces.
Found a scroll labelled VYOBBA VOGOHAA.
You now have 584 gold pieces (gained 14).
Found a potion of curing.
Found a stone staircase leading down and a stone staircase leading up.
You enter the shallow water.
Moving in this stuff is going to be slow.
Found a leather armour.
M - 2 scrolls labelled VYOBBA VOGOHAA (gained 1)
An electric eel is nearby!
You enter the shallow water.
Moving in this stuff is going to be slow.
The electric eel shoots out a bolt of lightning at you!
The bolt of electricity hits you!
* * * LOW HITPOINT WARNING * * *
The electric eel shoots out a bolt of lightning at you!
The bolt of electricity hits you!
You die...

################### #
≈≈≈≈≈≈≈≈≈≈≈≈≈≈≈≈≈≈#..
≈≈≈≈≈≈≈≈≈≈≈≈≈≈≈≈≈≈#.####
≈≈≈≈≈≈≈≈≈≈≈≈≈≈≈≈..#.#...
≈≈≈≈≈≈≈≈≈≈≈≈≈≈≈≈.......#
...................>...
≈≈≈≈≈≈≈≈≈≈≈≈≈≈≈≈...<#.##
≈≈≈≈≈≈≈≈≈≈≈≈≈...≈......#
...≈≈≈≈≈≈≈≈≈≈.≈.@......#
≈≈.≈≈≈≈≈≈≈≈≈≈.≈.≈.#....#
≈≈.....≈≈≈≈≈≈...≈.+ ...#
≈≈≈≈≈≈.≈≈≈≈≈≈...≈≈# ..#
≈≈≈≈≈≈............! .
..... ............ .....
.....[....... ≈
≈≈≈≈≈;≈≈≈≈...# ≈


You could see an electric eel.

Vanquished Creatures
  2 two-headed ogres
  Joseph (D:8)
  A redback zombie (D:7)
  A hellwing (D:7)
  Grinder (D:5)
  Sigmund (D:3)
  A wyvern (D:9)
  Menkaure (D:5)
  An orc warrior (D:7)
  2 ice beasts
  A sky beast (D:6)
  2 centaurs (D:9)
  A necrophage (D:5)
  An ogre (D:4)
  4 bullfrogs
  4 scorpions
  A water moccasin skeleton (D:5)
  2 electric eels (D:9)
  A howler monkey (D:5)
  A bullfrog zombie (D:5)
  6 centaur zombies
  4 orc priests
  A jelly (D:8)
  2 hounds (D:6)
  5 centaur skeletons
  A gnoll shaman (D:6)
  Jessica (D:2)
  A scorpion zombie (D:5)
  2 orc wizards (D:5)
  Natasha (twice) (D:3)
  4 iguanas
  A killer bee zombie (D:5)
  Robin (D:2)
  8 gnolls
  6 adders
  6 shadow imps (D:7)
  An adder zombie (D:3)
  An adder skeleton (D:4)
  A worm (D:2)
  5 dart slugs
  18 orcs
  4 ball pythons
  4 bats
  9 endoplasms
  5 giant cockroaches
  8 goblins
  5 hobgoblins
  5 kobolds
  2 quokkas
  4 frilled lizards
  5 rats
158 creatures vanquished.

Vanquished Creatures (others)
  13 withered plants (D:7)
13 creatures vanquished.

Grand Total: 171 creatures vanquished

Notes
Turn   | Place    | Note
-------+----------+-------------------------------------------
     0 | D:1      | adizb the Minotaur Fighter began the quest for the Orb.
     0 | D:1      | Reached XP level 1. HP: 19/19 MP: 0/0
   135 | D:1      | Reached skill level 3 in Axes
   172 | D:1      | Reached XP level 2. HP: 21/26 MP: 1/1
   281 | D:1      | Found a faded altar of an unknown god.
   426 | D:1      | Reached skill level 4 in Axes
   468 | D:1      | Reached XP level 3. HP: 22/31 MP: 2/2
   851 | D:2      | Found Agec's Jewellery Emporium.
   864 | D:2      | Reached skill level 5 in Axes
  1119 | D:2      | Noticed Jessica
  1135 | D:2      | Killed Jessica
  1136 | D:2      | Reached XP level 4. HP: 32/39 MP: 3/3
  1239 | D:2      | Noticed Robin
  1258 | D:2      | Killed Robin
  1349 | D:3      | Reached skill level 6 in Axes
  1398 | D:3      | Noticed Natasha
  1403 | D:3      | Killed Natasha
  1404 | D:3      | Reached XP level 5. HP: 45/45 MP: 4/4
  1488 | D:3      | Noticed Natasha
  1501 | D:3      | Killed Natasha
  1517 | D:3      | Noticed Sigmund
  1561 | D:3      | Killed Sigmund
  1562 | D:3      | Reached skill level 8 in Axes
  1562 | D:3      | Reached XP level 6. HP: 48/51 MP: 5/5
  1695 | D:3      | Found a broken altar of Ashenzari.
  2238 | D:4      | You fall into a shaft and drop 1 floor!
  2238 | D:5      | Entered Level 5 of the Dungeon
  2238 | D:5      | Found a staircase to the Ecumenical Temple.
  2241 | Temple   | Entered the Ecumenical Temple
  2408 | Temple   | Became a worshipper of Dithmenos the Shadowed
  2598 | D:5      | Reached skill level 9 in Axes
  2617 | D:5      | Noticed Grinder
  2619 | D:5      | Noticed Menkaure
  2619 | D:5      | Paralysed by Grinder for 3 turns
  2628 | D:5      | Killed Menkaure
  2629 | D:5      | Reached XP level 7. HP: 44/57 MP: 6/6
  2629 | D:5      | Paralysed by Grinder for 7 turns
  2636 | D:5      | Killed Grinder
  2637 | D:5      | Reached skill level 10 in Axes
  2648 | D:5      | Identified the +1 robe "Baxyfa" {Will+}
  2840 | D:5      | Reached skill level 11 in Axes
  2881 | D:5      | Reached XP level 8. HP: 61/64 MP: 7/7
  3307 | D:5      | Reached skill level 12 in Axes
  3550 | D:6      | Reached skill level 13 in Axes
  3554 | D:6      | Reached * piety under Dithmenos
  3849 | D:7      | Reached XP level 9. HP: 29/70 MP: 8/8
  3884 | D:7      | Reached skill level 14 in Axes
  3890 | D:7      | Noticed a hellwing
  4030 | D:7      | Identified the +0 ring mail "Zekogg" {rElec Int+5 Dex-2}
  4171 | D:7      | Reached skill level 15 in Axes
  4206 | D:7      | Noticed a hellwing
  4250 | D:7      | Killed a hellwing
  4251 | D:7      | Reached skill level 16 in Axes
  4274 | D:7      | Reached XP level 10. HP: 19/78 MP: 9/9
  4666 | D:7      | Reached ** piety under Dithmenos
  4929 | D:8      | Noticed a two-headed ogre
  4936 | D:8      | Killed a two-headed ogre
  4937 | D:8      | Reached skill level 5 in Shields
  4982 | D:8      | Noticed Joseph
  4989 | D:8      | Reached skill level 5 in Armour
  4997 | D:8      | Killed Joseph
  4998 | D:8      | Reached skill level 5 in Fighting
  5772 | D:9      | Noticed a two-headed ogre
  5792 | D:9      | Killed a two-headed ogre
  5836 | D:9      | Killed from afar by an electric eel

Illustrated notes

Levels and vault maps discovered:
D:1:      scummos_arrival_gate, layout_loops_ring,
          hellmonk_ecumenical_altar_slurped_away, corexii_corridor_pit,
          hangedman_decor_riveting
D:2:      layout_basic, serial_shops, shop, uniq_robin, uniq_jessica
D:3:      layout_basic, ashenzari_altar_1, minmay_box_of_dots, uniq_natasha,
          uniq_sigmund
D:4:      layout_basic, minmay_quadrilaterals
D:5:      layout_loops_corners, minmay_temple_entry_butterflies, uniq_menkaure,
          uniq_grinder
D:6:      layout_basic
D:7:      cheibrodos_grave_circle, layout_loops_corners
D:8:      layout_loops_ring, nicolae_wand_duel, uniq_joseph
D:9:      layout_basic, uniq_harold
Temple:   regret_index_temple_sigil_plot

Skill      XL: |  1  2  3  4  5  6  7  8  9 10 |
---------------+-------------------------------+-----
Axes           | 3 4 5 6 8 9 11 13 16 | 16.3
Fighting       | 4 5 |  5.9
Armour         | 4 6 |  6.3
Shields        | 4 7 |  7.1

Action                   |  1- 3 |  4- 6 |  7- 9 | 10-12 || total
-------------------------+-------+-------+-------+-------++-------
Melee: War axe           |    80 |    92 |   230 |    82 ||   484
       Headbutt          |    11 |    13 |    54 |    30 ||   108
Throw: Boomerang         |     3 |       |     4 |     3 ||    10
  Use: Scroll            |     1 |     3 |    10 |       ||    14
       Potion            |       |     2 |       |     3 ||     5
Armor: Scale mail        |    28 |       |       |       ||    28
       Chain mail        |     2 |    29 |   112 |    25 ||   168
Dodge: Dodged            |    16 |    14 |    33 |    11 ||    74
Block: Kite shield       |    39 |    56 |   164 |    52 ||   311
       Reflection        |       |     7 |     1 |     7 ||    15
